 Dungeon Crawl Stone Soup version 0.30-a0-879-ga8ba668304 (webtiles) character file.

Game seed: 10698253062619436650

4 FallingFreak the Grasshopper (level 1, -1/17 HPs)
             Began as a Ghoul Warper on Mar 13, 2023.
             Slain by a kobold
             ... wielding a +0 whip of electrocution
              (15 damage)
             ... on level 1 of the Dungeon.
             The game lasted 00:01:36 (251 turns).

FallingFreak the Grasshopper (Ghoul Warper)          Turns: 251, Time: 00:01:36

Health: -1/17      AC:  3    Str: 14    XL:     1   Next: 60%
Magic:  2/2        EV: 11    Int:  8    God:
Gold:   17         SH:  0    Dex:  8    Spells: 3/3 levels left

rFire   . . .      SeeInvis .    b - +2 dagger (venom)
rCold   + . .      Faith    .    (no shield)
rNeg    + + +      Spirit   .    c - +0 leather armour
rPois   ∞          Reflect  .    (no helmet)
rElec   .          Rampage  .    (no cloak)
rCorr   .                        (no gloves)
Will    .....                    (no boots)
Stlth   +                        (no amulet)
HPRegen 0.00/turn                (no ring)
MPRegen 0.08/turn                (no ring)

@: inhibited regen
A: claws 1, cold resistance 1, negative energy resistance 3, inhibited
regeneration, torment resistance 2, devour on kill
a: no special abilities


You were on level 1 of the Dungeon.
You visited 1 branch of the dungeon, and saw 1 of its levels.

You collected 17 gold pieces.

Inventory:

Hand Weapons
 a - a +0 hand axe
 b - a +2 dagger of venom (weapon)
Missiles
 d - 7 boomerangs of dispersal (quivered) {!f}
Armour
 c - a +0 leather armour (worn)
Scrolls
 f - a scroll of blinking


   Skills:
 - Level 2.1 Fighting
 + Level 1.8 Axes
 - Level 0.8 Throwing
 + Level 1.0 Armour
 - Level 1.7 Dodging
 + Level 1.8 Spellcasting
 + Level 2.7 Translocations


You had 3 spell levels left.
You didn't know any spells.
Your spell library contained the following spells:

 Spells                   Type           Power      Damage    Failure   Level
 Blink                    Tloc           10%        N/A       22%         2
 Lesser Beckoning         Tloc           10%        N/A       22%         2
 Teleport Other           Tloc           5%         N/A       41%         3
 Vhi's Electric Charge    Tloc/Air       4%         N/A       58%         3
 Manifold Assault         Tloc           5%         N/A       82%         4


Dungeon Overview and Level Annotations

Branches:
Dungeon (1/15) Zot: 5747

Altars:


Innate Abilities, Weirdness & Mutations

You are immune to poison.
You have sharp fingernails.
Your flesh is cold resistant. (rC+)
You are immune to negative energy. (rN+++)
You do not regenerate when monsters are visible.
You are immune to unholy pain and torment.
You thrive by killing the living.


Message History

That would be overly suicidal.
Okay, then.
Cleave: a) +0 hand axe
Press: ? - help, Dir - move target, f - you That would be overly suicidal.
Okay, then.
Cleave: a) +0 hand axe
Press: ? - help, Dir - move target, f - you That would be overly suicidal.
Okay, then.
You see here a +2 dagger of venom.
c - a +2 dagger of venom Adjust (i)tems, (s)pells, or (a)bilities?
c - a +2 dagger of venom Adjust to which letter? (? for menu, Esc to quit)
b - a +2 dagger of venom;
c - a +0 leather armour (worn)
Your +2 dagger of venom begins to drip with poison!
b - a +2 dagger of venom (weapon)
Unknown command.
There is an open door here.
You open the door.
There is an open door here.
You open the door.
A kobold comes into view.
It is wielding a +0 whip of electrocution.
Found a stone staircase leading down.
There is an open door here.
A quokka comes into view.
Hit: b) +2 dagger (venom)
Press: ? - help, Dir - move target, f - kobold
Aim: a kobold, wielding a +0 whip of electrocution (about 44% to evade your +2 dagger of venom)
You barely miss the kobold. The kobold closely misses you.
Unknown command.
Hit: b) +2 dagger (venom)
Press: ? - help, Dir - move target, f/p - kobold
Aim: a kobold, wielding a +0 whip of electrocution (about 44% to evade your +2 dagger of venom)
You barely miss the kobold.
The kobold hits you with a +0 whip of electrocution.
You are electrocuted!
Ouch! That really hurt!
You die...

#...K...# #..@#
##'## #.# #.#
##.## ##...##
#.....# ~
##...###P~P~
##.......~P
.######.#####..~
......(.#
#######.#
######## #.#
.......## #.#
..#.....## #.#
.###.....## #.#
#########


You could see a quokka and a kobold.

Vanquished Creatures
  3 jackals (D:1)
3 creatures vanquished.

Notes
Turn   | Place    | Note
-------+----------+-------------------------------------------
     0 | D:1      | FallingFreak the Ghoul Warper began the quest for the Orb.
     0 | D:1      | Reached XP level 1. HP: 17/17 MP: 2/2
   132 | D:1      | Reached skill level 1 in Armour
   251 | D:1      | Slain by a kobold

Illustrated notes

Levels and vault maps discovered:
D:1:      onia_arrival_pyramid, layout_loops_corners, serial_shops, shop,
          ebering_ecumenical_altar_webs, serial_bayou_pond_c,
          dreamdust_mushroom_princess

Skill      XL: |  1 |
---------------+----+-----
Armour         | 1 |  1.0
Fighting       | |  2.1
Axes           | |  1.8
Throwing       | |  0.8
Dodging        | |  1.7
Spellcasting   | |  1.8
Translocations | |  2.7

Action                     || total
---------------------------++-------
  Melee: Hand axe          ||     6
         Dagger            ||     2
 Armour: Leather armour    ||     1
  Dodge: Dodged            ||     3

Table legend: (Time is in decaauts)
 A = Elapsed time spent in this place.
 B = Non-inter-level travel time spent in this place.
 C = Inter-level travel time spent in this place.
 D = Time resting spent in this place.
 E = Time spent auto-exploring this place.
 F = Levels seen in this place.
 G = Mean time per level.
                   A        B        C        D        E       F      G
               +--------+--------+--------+--------+--------+-----+--------+
         Total |    251 |    251 |      0 |      2 |    223 |   1 |  251.0 |
       Dungeon |    251 |    251 |      0 |      2 |    223 |   1 |  251.0 |
               +--------+--------+--------+--------+--------+-----+--------+

Top non-repeatable levels by time:
     D:1: 251 daAuts
